 Dungeon Crawl Stone Soup version 0.29-a0-845-g6161e89988 (webtiles) character file.

Game seed: 14558628056768699889

4483 jlumianski the Carver (level 10, -1/74 HPs)
             Began as a Demonspawn Fighter on July 15, 2022.
             Was a Believer of Qazlal.
             Slain by an orc wizard
             ... wielding a +0 dagger
              (2 damage)
             ... while paralysed by an orc wizard
             ... on level 8 of the Dungeon.
             The game lasted 00:42:38 (10136 turns).

jlumianski the Carver (Demonspawn Fighter)         Turns: 10136, Time: 00:42:38

Health: -1/74      AC:  8    Str: 19    XL:     10   Next: 16%
Magic:  10/10      EV:  2    Int: 10    God:    Qazlal [**....]
Gold:   432        SH:  0    Dex: 20    Spells: 9/9 levels left

rFire   + . .      SeeInvis .   H - +0 long sword
rCold   . . .      Faith    .   B - +0 kite shield
rNeg    . . .      Spirit   .   u - +3 leather armour "Edoob" {rPois}
rPois   +          Reflect  .   x - +1 helmet
rElec   .          Harm     .   (no cloak)
rCorr   .          Rampage  .   (no gloves)
Will    .....                   F - +0 pair of boots
Stlth   +.........              p - amulet of the acrobat
HPRegen 0.22/turn               v - +4 ring of evasion
MPRegen 0.12/turn               o - +6 ring of dexterity

@: paralysed, studying Long Blades
A: powered by death 1, condensation shield, deformed body, fire resistance 1
a: Renounce Religion, Upheaval


You were on level 8 of the Dungeon.
You worshipped Qazlal.
Qazlal was pleased with you.
You visited 2 branches of the dungeon, and saw 9 of its levels.
You also visited: Ossuary.

You collected 432 gold pieces.

Inventory:

Hand Weapons
 a - a +1 war axe of flaming
 w - a +0 mace of draining
 H - a +0 long sword (weapon)
Missiles
 d - 8 javelins
 g - 90 stones
 i - 2 boomerangs
 n - 33 poisoned darts (quivered)
 O - a boomerang of dispersal
Armour
 b - a +0 scale mail
 c - a +0 buckler
 e - a +0 chain mail
 u - the +3 leather armour "Edoob" (worn) {rPois}
   (You found it on level 6 of the Dungeon)

   rPois:     It protects you from poison.
 x - a +1 helmet (worn)
 B - a +0 kite shield (worn)
 D - a +0 plate armour
 F - a +0 pair of boots (worn)
Magical Staves
 y - a staff of cold
Jewellery
 m - a ring of wizardry
 o - a +6 ring of dexterity (right hand)
 p - an amulet of the acrobat (around neck)
 v - a +4 ring of evasion (left hand)
 E - a ring of poison resistance
 G - a ring of protection from cold
 L - a ring of wizardry
Wands
 s - a wand of mindburst (9)
Scrolls
 f - 3 scrolls of magic mapping
 l - 2 scrolls of vulnerability
 t - 3 scrolls of teleportation
 C - 4 scrolls of fear
 I - 9 scrolls of identify
 K - a scroll of immolation
Potions
 h - a potion of flight
 j - 4 potions of haste
 k - 7 potions of curing
 q - a potion of brilliance
 r - 2 potions of degeneration
 z - 2 potions of cancellation
 A - a potion of resistance
 J - 2 potions of mutation
 M - a potion of attraction
 N - a potion of might


   Skills:
 + Level 5.0 Fighting
 * Level 9.3 Long Blades
 - Level 6.8 Axes
 + Level 1.4 Throwing
 + Level 5.2 Armour
 + Level 2.8 Dodging
 + Level 0.1 Stealth
 + Level 7.4 Shields
 * Level 0.5 Invocations
 * Level 1.4 Evocations


You had 9 spell levels left.
You didn't know any spells.
Your spell library contained the following spells:

 Spells                   Type           Power      Damage    Failure   Level
 Sting                    Tmut/Pois      0%         1d3       75%         1
 Poisonous Vapours        Pois/Air       0%         N/A       86%         2
 Frozen Ramparts          Ice            0%         1d2       98%         3
 Ignite Poison            Fire/Tmut/Pois 0%         N/A       98%         3
 Mephitic Cloud           Conj/Pois/Air  0%         N/A       98%         3
 Ice Form                 Ice/Tmut       0%         N/A       100%        4
 Leda's Liquefaction      Hex/Erth       0%         N/A       100%        4
 Olgreb's Toxic Radiance  Pois           0%         N/A       100%        4
 Summon Ice Beast         Ice/Summ       0%         N/A       100%        4
 Freezing Cloud           Conj/Ice/Air   0%         6-21      100%        5
 Lee's Rapid Deconstruct  Erth           0%         3d5*      100%        5
 Statue Form              Tmut/Erth      0%         N/A       100%        6


Dungeon Overview and Level Annotations

Branches:
Dungeon (8/15)             Temple (1/1) D:5         Ossuary (visited)
   Lair: D:8-11

Altars:
Ashenzari
Cheibriados
Dithmenos
Fedhas
Gozag
Hepliaklqana
Kikubaaqudgha
Makhleb
Nemelex Xobeh
Okawaru
Qazlal
Ru
Sif Muna
Trog
Uskayaw
Vehumet
Wu Jian
Xom
Yredelemnul

Annotations:
D:5 2 transporters, Selrock's ghost, amateur TrMo


Innate Abilities, Weirdness & Mutations

You regenerate a little health from kills.
A meltable shield of frost defends you. (SH +4)
Armour fits poorly on your strangely shaped body.
Your flesh is heat resistant. (rF+)


Message History

The magic dart hits you.
The orc hits you with a +1 dagger of venom.
The orc warrior misses you.
You're too confused to move!
The orc completely misses you. The orc warrior closely misses you.
Something hits you but does no damage.
Unknown command.
You miss the orc.
You hear a shout!
The orc barely misses you.
An orc wizard comes into view. It is wielding a +0 dagger.
The orc warrior misses you.
You hear some strange, mumbled words.
A magic dart appears from out of thin air!
The magic dart hits you.
You slash the orc!
You kill the orc!
Qazlal accepts your kill. The orc warrior barely misses you.
Something barely misses you.
You feel less confused. You block the orc warrior's attack.
Things that are here:
a +1 dagger of venom; 5 poisoned darts; an orc corpse You barely miss the orc warrior.
The orc warrior is heavily wounded.
You hear a zap.
You suddenly lose the ability to move!
The orc warrior hits you with a +0 war axe.
Something hits you.
* * * LOW HITPOINT WARNING * * *
The orc warrior hits you with a +0 war axe.
* * * LOW HITPOINT WARNING * * *
You hear some strange, mumbled words.
Something tries to affect you, but you resist.
The orc warrior hits you with a +0 war axe!
* * * LOW HITPOINT WARNING * * *
The orc wizard hits you but does no damage.
An orc wizard appears from thin air!
Reactivating autopickup.
The orc wizard hits you with a +0 dagger.
You die...

#...# #.........* #####.## #.###
#.########* #......# ##.### #<#
#....... #....# #)# #####
#......# #..#.# #.# #...#
#......# ** #.o#.#
#.#####...####......# ,* #.o#*#
#....##.....##......# ,* #...*
#..oo......?##......# ,****#...*
##.o@##.....##....... ,,,,o#...*
#...##.....##....... ,,,,,o..##
##########.......... ,,,,,**,*
#........## ,,,,,**,* #........##
,,,,,**,* #..........
,,,,,**,**** #..y.......
,,,,,,,,,,,* #..........
,,,,,,,,,,,****########..........


You could see an orc warrior and 2 orc wizards.

Vanquished Creatures
  A hornet (D:7)
  A troll (D:4)
  A water moccasin (D:5)
  Duvessa (D:7)
  A hornet zombie (Ossuary)
  An orc warrior (D:6)
  2 sky beasts (D:6)
  An ice beast (D:6)
  3 ogres
  A centaur (D:7)
  3 phantoms
  2 kobold brigands (D:6)
  A bullfrog (D:5)
  3 necrophages
  4 scorpions
  3 wyvern zombies (Ossuary)
  3 water moccasin zombies (Ossuary)
  5 wights
  Dowan (D:7)
  3 killer bees
  2 howler monkeys
  3 centaur zombies (Ossuary)
  10 bullfrog zombies (Ossuary)
  2 jellies
  2 orc priests (D:6)
  2 hounds
  4 iguanas
  5 orc wizards
  Natasha (thrice) (D:3)
  2 killer bee zombies (Ossuary)
  9 mummies (Ossuary)
  7 gnolls
  3 adders
  3 white imps
  2 worms
  3 dart slugs
  27 orcs
  8 ball pythons
  6 endoplasms
  5 giant cockroaches
  6 goblins
  6 hobgoblins
  2 jackals (D:2)
  20 kobolds
  6 bats
  4 frilled lizards
  6 rats
199 creatures vanquished.

Vanquished Creatures (others)
  9 withered plants (Ossuary)
9 creatures vanquished.

Grand Total: 208 creatures vanquished

Notes
Turn   | Place    | Note
-------+----------+-------------------------------------------
     0 | D:1      | jlumianski the Demonspawn Fighter began the quest for the
                  | Orb.
     0 | D:1      | Reached XP level 1. HP: 18/18 MP: 1/1
   393 | D:1      | Gained mutation: A meltable shield of frost defends you.
                  | (SH +4) [demonic ancestry]
   393 | D:1      | Reached XP level 2. HP: 24/24 MP: 2/2
  1132 | D:1      | Reached XP level 3. HP: 17/29 MP: 3/3
  1433 | D:2      | Found a faded altar of an unknown god.
  2102 | D:2      | Reached XP level 4. HP: 25/35 MP: 4/4
  2735 | D:3      | Found a shimmering altar of Xom.
  2802 | D:3      | Noticed Natasha
  2808 | D:3      | Killed Natasha
  2809 | D:3      | Reached XP level 5. HP: 29/41 MP: 5/5
  2859 | D:3      | Noticed Natasha
  2869 | D:3      | Killed Natasha
  2950 | D:3      | Noticed Natasha
  2966 | D:3      | Killed Natasha
  3343 | D:4      | Reached XP level 6. HP: 48/48 MP: 6/6
  4112 | D:5      | Entered Level 5 of the Dungeon
  4265 | D:5      | Noticed a water moccasin
  4277 | D:5      | Killed a water moccasin
  4278 | D:5      | Reached XP level 7. HP: 30/54 MP: 7/7
  4570 | D:5      | Found a transporter.
  4570 | D:5      | Noticed Selrock's ghost (amateur TrMo)
  4571 | D:5      | Found a transporter.
  4585 | D:5      | Reached skill level 5 in Axes
  4731 | D:5      | Found a staircase to the Ecumenical Temple.
  4753 | Temple   | Entered the Ecumenical Temple
  4790 | Temple   | Became a worshipper of Qazlal Stormbringer
  5645 | D:6      | Gained mutation: You regenerate a little health from kills.
                  | [demonic ancestry]
  5645 | D:6      | Reached XP level 8. HP: 60/60 MP: 8/8
  5837 | D:6      | Reached skill level 1 in Throwing
  6188 | D:6      | Reached skill level 5 in Shields
  6202 | D:6      | Reached skill level 1 in Long Blades
  6424 | D:6      | Noticed a troll
  6456 | D:5      | Reached skill level 2 in Long Blades
  6497 | D:4      | Killed a troll
  6498 | D:4      | Reached skill level 3 in Long Blades
  6498 | D:4      | Reached skill level 1 in Dodging
  7086 | D:6      | Reached skill level 4 in Long Blades
  7086 | D:6      | Reached skill level 5 in Armour
  7098 | D:6      | Reached * piety under Qazlal
  7099 | D:6      | Reached XP level 9. HP: 66/66 MP: 9/9
  7166 | D:6      | Identified the +3 leather armour "Edoob" {rPois}
  7479 | D:7      | Noticed Dowan
  7480 | D:7      | Noticed Duvessa
  7500 | D:7      | Killed Duvessa
  7528 | D:7      | Killed Dowan
  7558 | D:7      | Gained mutation: Armour fits poorly on your strangely
                  | shaped body. [potion of mutation]
  7558 | D:7      | Gained mutation: Your flesh is heat resistant. (rF+)
                  | [potion of mutation]
  7592 | D:7      | Found a shimmering blue altar of Sif Muna.
  7638 | D:6      | Reached skill level 5 in Long Blades
  8026 | D:7      | Found a shadowy altar of Dithmenos.
  8076 | D:8      | Found a sand-covered staircase.
  8084 | Ossuary  | Entered an ossuary
  8367 | Ossuary  | Reached skill level 6 in Long Blades
  8476 | Ossuary  | Reached skill level 7 in Long Blades
  8679 | Ossuary  | Reached ** piety under Qazlal
  8728 | Ossuary  | Reached skill level 8 in Long Blades
  9149 | D:6      | Reached skill level 5 in Fighting
  9487 | D:7      | Reached skill level 9 in Long Blades
  9487 | D:7      | Reached XP level 10. HP: 74/74 MP: 10/10
  9912 | D:7      | Paralysed by a hornet for 2 turns
  9921 | D:7      | Reached skill level 1 in Evocations
 10134 | D:8      | Paralysed by something for 4 turns
 10135 | D:8      | HP: 1/74 [orc warrior/+0 war axe (17)]
 10136 | D:8      | Slain by an orc wizard

Illustrated notes

Levels and vault maps discovered:
D:1:      wheals_arrival_shading, layout_basic
D:2:      layout_loops_cross, basic_ecumenical_altar,
          ebering_dispersal_statue_hall
D:3:      layout_rooms, xom_confusion_cloud, corexii_hall_statues_x,
          minmay_strange_pillars, uniq_natasha
D:4:      minmay_evil_eye, layout_cave_pools, skrybe_limestone_x
D:5:      layout_basic, minmay_temple_entry_purple_smoke, gammafunk_ghost_smash,
          kennysheep_pointless_box, kennysheep_generic_room_6
D:6:      layout_basic, eino_small_chamber_without_monster, minmay_manual_mess
D:7:      minmay_skewed_foursquare, layout_basic,
          nicolae_dithmenos_through_a_glass_darkly,
          nicolae_sif_muna_little_library, uniq_duvessa
D:8:      layout_basic, serial_shops, nicolae_lakefront_shop,
          chequers_ossuary_entry_cave
Temple:   hellmonk_temple_of_storms

Skill      XL: |  1  2  3  4  5  6  7  8  9 10 |
---------------+-------------------------------+-----
Axes           | 2 3 4 6 |  6.8
Armour         | 3 4 5 |  5.2
Shields        | 3 4 6 7 |  7.4
Fighting       | 4 5 |  5.0
Throwing       | 1 |  1.4
Long Blades    | 4 9 |  9.3
Dodging        | 1 2 |  2.8
Evocations     | 1 |  1.4
Stealth        | |  0.1
Invocations    | |  0.5

Action                   |  1- 3 |  4- 6 |  7- 9 | 10-12 || total
-------------------------+-------+-------+-------+-------++-------
Melee: War axe           |   118 |   167 |    99 |       ||   384
       Long sword        |       |       |   463 |    82 ||   545
Throw: Dart              |       |     5 |    18 |       ||    23
Evoke: Wand              |       |       |     3 |     1 ||     4
  Use: Scroll            |     3 |     6 |    12 |       ||    21
       Potion            |       |     1 |     6 |       ||     7
Armor: Chain mail        |    78 |    81 |       |       ||   159
       Plate armour      |       |       |    92 |       ||    92
       Leather armour    |       |       |    84 |    13 ||    97
Dodge: Dodged            |    43 |    81 |   229 |    39 ||   392
Block: Buckler           |    67 |    74 |       |       ||   141
       Kite shield       |       |     8 |   596 |    88 ||   692

Table legend: (Time is in decaauts)
 A = Elapsed time spent in this place.
 B = Non-inter-level travel time spent in this place.
 C = Inter-level travel time spent in this place.
 D = Time resting spent in this place.
 E = Time spent auto-exploring this place.
 F = Levels seen in this place.
 G = Mean time per level.
                   A        B        C        D        E       F      G
               +--------+--------+--------+--------+--------+-----+--------+
         Total |  10466 |  10102 |    364 |   1968 |   4121 |  10 | 1046.6 |
       Dungeon |   9400 |   9036 |    364 |   1611 |   3996 |   8 | 1175.0 |
        Temple |     60 |     60 |      0 |      0 |      0 |   1 |   60.0 |
       Ossuary |   1005 |   1005 |      0 |    357 |    125 |   1 | 1005.0 |
               +--------+--------+--------+--------+--------+-----+--------+

Top non-repeatable levels by time:
     D:6: 2090 daAuts
     D:5: 1734 daAuts
     D:1: 1385 daAuts
     D:2: 1205 daAuts
 Ossuary: 1005 daAuts
     D:4: 975 daAuts
     D:3: 928 daAuts
     D:7: 884 daAuts
     D:8: 195 daAuts
  Temple: 60 daAuts
